 Dungeon Crawl Stone Soup version 0.23.1 (webtiles) character file.

Game seed: 6164358372726397738

156 Borgoz the Sneak (level 5, 0/38 HPs)
             Began as a Ghoul Enchanter on Mar 14, 2019.
             Killed from afar by an orc wizard (7 damage)
             ... with a magic dart
             ... on level 3 of the Dungeon.
             The game lasted 00:07:29 (4053 turns).

Borgoz the Sneak (Ghoul Enchanter)                  Turns: 4053, Time: 00:07:29

Health: 0/38       AC:  3    Str: 12      XL:     5   Next: 38%
Magic:  0/6        EV: 12    Int:  9 (10) God:
Gold:   168        SH:  0    Dex: 10      Spells: 4/7 levels left

rFire    + . .     SeeInvis .   a - +0 short sword
rCold    + . .     Gourm    .   (no shield)
rNeg     + + +     Faith    .   q - +0 leather armour {rF+}
rPois    ∞         Spirit   +   (no helmet)
rElec    .         Reflect  .   j - scarf {Spirit}
rCorr    +         Harm     .   (no gloves)
MR       .....                  (no boots)
Stlth    ++........             (no amulet)
HPRegen  0.00/turn              h - ring of resist corrosion
MPRegen  0.10/turn              (no ring)

@: very slightly contaminated, rotting, slowed, very slow
A: rotting body, claws 1, carnivore, cold resistance 1, negative energy
resistance 3, inhibited regeneration, torment resistance, unbreathing
a: no special abilities


You were on level 3 of the Dungeon.
You were not hungry.

You visited 1 branch of the dungeon, and saw 4 of its levels.

You collected 168 gold pieces.

Inventory:

Hand Weapons
 a - a +0 short sword (weapon)
 b - a +0 blowgun
 l - a +4 quarterstaff of chaos
Missiles
 e - 33 poisoned needles
Armour
 j - a scarf of spirit shield (worn)
 o - a +1 cloak of invisibility
 q - a +0 leather armour of fire resistance (worn)
Jewellery
 h - a ring of resist corrosion (left claw)
 m - an uncursed amulet of harm
Wands
 t - a wand of random effects (15)
Scrolls
 c - a scroll of fear
 f - 4 scrolls of enchant armour
 g - a scroll of identify
 p - a scroll of teleportation
Potions
 k - a potion of brilliance
 s - a potion of flight
Comestibles
 d - 5 rations


   Skills:
 + Level 0.1 Fighting
 * Level 2.8 Short Blades
 + Level 0.1 Throwing
 * Level 2.4 Armour
 + Level 2.5 Dodging
 + Level 3.4 Stealth
 + Level 1.8 Spellcasting
 * Level 2.5 Hexes
 + Level 0.1 Evocations


You had 4 spell levels left.
You knew the following spells:

 Your Spells              Type           Power        Failure   Level  Hunger
a - Corona                Hex            #......      16%         1    ##.....
b - Ensorcelled Hibernat  Hex/Ice        #.....       36%         2    ###....

Your spell library contained the following spells:

 Spells                   Type           Power        Failure   Level  Hunger
 Confuse                  Hex            #.......     43%         3    ####...
 Tukima's Dance           Hex            #.......     43%         3    ####...
 Dazzling Spray           Conj/Hex       #.....       61%         3    ####...


Dungeon Overview and Level Annotations

Branches:
Dungeon (4/15)
 Temple: D:4-7

Altars:


Innate Abilities, Weirdness & Mutations

Your body is rotting away.
You thrive on raw meat.
You are immune to poison.
You have sharp fingernails.
You are carnivorous and can eat meat at any time.
Your flesh is cold resistant. (rC+)
You are immune to negative energy. (rN+++)
You do not regenerate when monsters are visible.
You are immune to unholy pain and torment.
You can survive without breathing.


Message History

You start resting.
An orc wizard opens the door.
It is wielding a +0 dagger.
Casting: Ensorcelled Hibernation (safe; 36% risk of failure)
Confirm with . or Enter, or press ? or * to list all spells.
Aiming: Ensorcelled Hibernation (safe; 36% risk of failure)
Press: ? - help, Shift-Dir - straight line, f/p - orc wizard
Aim: an orc wizard, wielding a +0 dagger and wearing a +0 robe (moderately wounded, fast, chance to defeat MR: 35%)
The orc wizard easily resists.
The orc wizard hits you with a +0 dagger.
You barely miss the orc wizard.
The orc wizard is moderately wounded.
The orc wizard points at you and mumbles some strange words.
The magic dart hits you!
* * * LOW HITPOINT WARNING * * *
The orc wizard hits you with a +0 dagger.
* * * LOW HITPOINT WARNING * * *
You feel better.
The orc wizard gestures at you while chanting.
The magic dart hits you!
You die...

#.##.## ##.......##
###.#...####.........#
...........+....(....+
###.......##........(#
####.#.## #!......#
###.# #.....#
####.######.((#
#........# #o#
#.##.###.# #@# #.##.#
#.# #.# #####
#.##.###.###.## #)..#
#.##...#.##...####
#...#
#.##.....#.......#
#...#
#.##.###.##...#.##
##÷## #.##.#
#.........# #.##
#....###.###.##.##
##.# ####.....# #.##.#
#.##


You could see an orc wizard.

Vanquished Creatures
  An orc priest (D:3)
  Crazy Yiuf (D:3)
  3 adders
  2 worms
  2 dart slugs
  3 leopard geckos
  2 orcs (D:3)
  3 giant cockroaches
  11 goblins
  4 hobgoblins (D:2)
  6 jackals
  2 ball pythons
  3 bats
  A frilled lizard (D:3)
  2 kobolds
  9 rats
55 creatures vanquished.

Notes
Turn   | Place    | Note
-------+----------+-------------------------------------------
     0 | D:1      | Borgoz the Ghoul Enchanter began the quest for the Orb.
     0 | D:1      | Reached XP level 1. HP: 14/14 MP: 2/2
    23 | D:1      | Reached skill level 1 in Short Blades
   106 | D:1      | Reached XP level 2. HP: 14/20 MP: 3/3
   290 | D:2      | Reached skill level 1 in Armour
   867 | D:2      | Learned a level 2 spell: Ensorcelled Hibernation
  1285 | D:1      | Reached XP level 3. HP: 22/26 MP: 4/4
  2282 | D:2      | Reached XP level 4. HP: 24/32 MP: 0/5
  2888 | D:4      | Noticed a slave
  3215 | D:3      | Found a runed translucent door.
  3218 | D:3      | Noticed Crazy Yiuf
  3225 | D:3      | Killed Crazy Yiuf
  3326 | D:3      | Reached XP level 5. HP: 18/38 MP: 6/6
  4052 | D:3      | HP: 1/38 [orc wizard/+0 dagger (3)]
  4053 | D:3      | Killed from afar by an orc wizard

Skill      XL: |  1  2  3  4 |
---------------+-------------+-----
Short Blades   | 1 2 |  2.8
Dodging        | 2 |  2.5
Armour         | 1 2 |  2.4
Fighting       | |  0.1
Throwing       | |  0.1
Stealth        | |  3.4
Spellcasting   | |  1.8
Hexes          | |  2.5
Evocations     | |  0.1

Action                   |  1- 3 |  4- 6 || total
-------------------------+-------+-------++-------
Melee: Dagger            |    17 |       ||    17
       Short sword       |   121 |    93 ||   214
 Fire: Blowgun           |       |    11 ||    11
 Cast: Ensorcelled Hiber |     1 |     3 ||     4
  Use: Potion            |     4 |     4 ||     8
       Scroll            |     3 |     3 ||     6
 Stab: Sleeping          |     6 |     1 ||     7
  Eat: Chunk             |     9 |     9 ||    18
Armor: Robe              |    17 |    14 ||    31
       Leather armour    |       |     5 ||     5
Dodge: Dodged            |    82 |    60 ||   142
